 Dungeon Crawl Stone Soup version 0.20.1-1-g8b1a95d (webtiles) character file.

14 KleinerIrrer the Insei (level 2, -1/18 HPs)
             Began as an Octopode Transmuter on July 3, 2017.
             Slain by Grinder (3 damage)
             ... on level 3 of the Dungeon.
             The game lasted 00:01:07 (545 turns).

KleinerIrrer the Insei (Octopode Transmuter)         Turns: 545, Time: 00:01:09

Health: -1/18      AC:  0    Str:  9    XL:     2   Next: 45%
Magic:  5/5        EV: 14    Int: 15    God:
Gold:   57         SH:  0    Dex: 12    Spells: 4/5 levels left

rFire    . . .     SeeInvis .     - Unarmed
rCold    . . .     Gourm    .   (shield currently unavailable)
rNeg     . . .     Faith    .   (helmet currently unavailable)
rPois    .         Spirit   .   (no amulet)
rElec    .         Reflect  .   (ring currently unavailable)
rCorr    .         Harm     .   (ring currently unavailable)
MR       .....                  (ring currently unavailable)
Stlth    ++........             (ring currently unavailable)
Regen    0.1/turn               (ring currently unavailable)
MPRegen  0.1/turn               (ring currently unavailable)
                                (ring currently unavailable)
                                (ring currently unavailable)

@: pig-form, very quick
A: almost no armour, stealthy swim, (amphibious), (8 rings), (constrict 8)
a: no special abilities


You were on level 3 of the Dungeon.
You were not hungry.
You were a filthy swine.
You visited 1 branch of the dungeon, and saw 3 of its levels.

You collected 57 gold pieces.

Inventory:

Missiles
 a - 12 arrows
Scrolls
 d - a scroll of magic mapping {unknown}
 f - a scroll of identify {unknown}
 g - a scroll of fog {unknown}
Potions
 e - a potion of curing {unknown}
 h - 2 potions of brilliance {unknown}
Books
 b - a book of Changes

   Spells                             Type                      Level
   a - Beastly Appendage              Transmutation                1
   b - Sticks to Snakes               Transmutation                2
   c - Spider Form                    Transmutation/Poison         3
   d - Ice Form                       Ice/Transmutation            4
   e - Blade Hands                    Transmutation                5
Comestibles
 c - a bread ration
 i - a chunk of flesh


   Skills:
 - Level 1.0 Fighting
 - Level 2.0 Dodging
 * Level 2.0 Stealth
 - Level 3.2 Unarmed Combat
 - Level 2.0 Spellcasting
 - Level 2.2 Transmutations


You had 4 spell levels left.
You knew the following spells:

 Your Spells              Type           Power        Failure   Level  Hunger
a - Beastly Appendage     Tmut           #.....       9%          1    #......


Dungeon Overview and Level Annotations

Branches:
Dungeon (3/15)

Altars:
Hepliaklqana
Ru

Annotations:
D:3 Grinder


Innate Abilities, Weirdness & Mutations

You cannot wear most types of armour.
You are very stealthy in the water. (Stealth+)
((You are amphibious.))
((You can wear up to eight rings at the same time.))
((You can use your tentacles to constrict eight enemies at once.))
((Your skin changes colour to match your surroundings (Stealth+).))
((Your rubbery body absorbs attacks. (AC +1, EV +1)))


Message History

You barely miss Grinder.
Grinder is lightly wounded.
You constrict Grinder.
Grinder zaps a wand.
You turn into a filthy swine.
You lose your grip on Grinder.
It is a wand of polymorph (?/24).
You hit Grinder but do no damage.
Grinder is lightly wounded.
Grinder misses you.
You hit Grinder.
Grinder is moderately wounded.
Grinder blinks!
You hit Grinder.
Grinder is moderately wounded.
Grinder closely misses you.
You closely miss Grinder.
Grinder is lightly wounded.
Grinder hits you!
Ouch! That really hurt!
* * * LOW HITPOINT WARNING * * *
You writhe in agony.
You die...

#.##.##...#.....
#.##.##..#.#...#
#........##.#.#.
#..#.##.####†#.. #
##..#..#.####.... #.
#.........##.....
#.##.###'###.##.....
#....# #.# #........
#h5###.###.##.####
#.?'.._###.##.#
#..###.###.##.# ##.#
#.# #.##.# ..# #+#
#.##.# #... ..##.#
#... ... .# #####
...


You could see Grinder.

Vanquished Creatures
  A giant cockroach (D:3)
  A goblin (D:1)
  2 hobgoblins (D:1)
  4 bats
  2 frilled lizards (D:1)
  5 rats
15 creatures vanquished.

Notes
Turn   | Place    | Note
-------+----------+-------------------------------------------
     0 | D:1      | KleinerIrrer the Octopode Transmuter began the quest for the Orb.
     0 | D:1      | Reached XP level 1. HP: 13/13 MP: 3/3
   357 | D:1      | Reached XP level 2. HP: 18/18 MP: 5/5
   380 | D:1      | Reached skill level 1 in Stealth
   394 | D:1      | You fall through a shaft!
   493 | D:3      | Found a sacrificial altar of Ru.
   522 | D:3      | Found a hazy altar of Hepliaklqana.
   537 | D:3      | Noticed Grinder
   545 | D:3      | Slain by Grinder

Skill      XL: |  1  2 |
---------------+-------+-----
Stealth        | 2 |  2.0
Fighting       | |  1.0
Dodging        | |  2.0
Unarmed Combat | |  3.2
Spellcasting   | |  2.0
Transmutations | |  2.2

Action                   || total
-------------------------++-------
Melee: Unarmed           ||    45
       Constrict         ||     8
       Tentacles         ||     4
 Stab: Sleeping          ||     5
Armor: Skin              ||     2
Dodge: Dodged            ||    34
